 Dungeon Crawl Stone Soup version 0.27-a0-148-g9515ab555c (webtiles) character file.

Game seed: 15361709836698541356

238 knot the Chopper (level 5, -4/41 HPs)
             Began as a Demonspawn Berserker on Jan 27, 2021.
             Was a Believer of Trog.
             Killed by divine providence
             ... invoked by an orc priest
              (12 damage)
             ... on level 3 of the Dungeon.
             The game lasted 00:03:46 (3408 turns).

knot the Chopper (Demonspawn Berserker)             Turns: 3408, Time: 00:03:46

Health: -4/41      AC:  6    Str: 18    XL:     5   Next: 78%
Magic:  5/5        EV: 11    Int:  9    God:    Trog [**....]
Gold:   187        SH:  0    Dex: 12    Spells: 4/4 levels left

rFire    . . .     SeeInvis .   a - +0 hand axe
rCold    . . .     Faith    .   (no shield)
rNeg     . . .     Spirit   .   m - +0 ring mail
rPois    +         Reflect  .   (no helmet)
rElec    .         Harm     .   b - +0 cloak
rCorr    .         Rampage  .   (no gloves)
Will     .....                  (no boots)
Stlth    +.........             (no amulet)
HPRegen  0.13/turn              l - ring of poison resistance
MPRegen  0.09/turn              (no ring)

@: no status effects
A: sturdy frame 1
a: Renounce Religion, Berserk, Trog's Hand


You were on level 3 of the Dungeon.
You worshipped Trog.
Trog was pleased with you.
You visited 1 branch of the dungeon, and saw 3 of its levels.

You collected 187 gold pieces.

Inventory:

Hand Weapons
 a - a +0 hand axe (weapon)
Missiles
 c - 106 stones
 d - 2 poisoned darts (quivered)
 h - 4 javelins
 o - 42 sling bullets
Armour
 b - a +0 cloak (worn)
 m - a +0 ring mail (worn)
Jewellery
 l - a ring of poison resistance (left hand)
Scrolls
 e - 2 scrolls of identify {unknown}
 f - a scroll of remove curse {unknown}
 i - a scroll of amnesia {unknown}
 n - a scroll of teleportation {unknown}
Potions
 g - a potion of flight {unknown}
 p - a potion of invisibility {unknown}


   Skills:
 - Level 3.0 Fighting
 * Level 6.0 Axes
 * Level 0.0 Throwing
 - Level 1.7 Armour
 - Level 1.7 Dodging


You had 4 spell levels left.
You didn't know any spells.
Your spell library was empty.

Dungeon Overview and Level Annotations

Branches:
Dungeon (3/15)

Altars:
Gozag
Ru
Uskayaw
Zin


Innate Abilities, Weirdness & Mutations

Your movements are slightly less encumbered by armour. (ER -2)


Message History

You throw a poisoned dart. The poisoned dart hits the orc.
Unknown command.
The orc priest mumbles some strange prayers to Beogh against you.
Beogh smites you!
The orc priest invokes the aid of Beogh against you.
Beogh smites you!
* * * LOW HITPOINT WARNING * * *
Unknown command.
You feel much better.
The orc priest calls down the wrath of Beogh upon you.
Beogh smites you!
* * * LOW HITPOINT WARNING * * *
You feel better.
The orc priest calls down the wrath of Beogh upon you.
Beogh smites you!
* * * LOW HITPOINT WARNING * * *
The orc barely misses you.
The orc priest invokes the aid of Beogh against you.
Beogh smites you!
You die...

#.# #.# #.[.....## #..# .. #.#
#.# #.(...o..## #..## oo #.###.#
##...#..#(.# #...##### #..##.#
#..###.o##.# #........ ##..#.#
#.## #..##.# ##......# ##.#># #.#
#..##.# ####..## #...# #.#
#.o##.## ##.... ###.# #.#
#..##..#### ##..... #.####.#
#.@###....###...... #..##..# #>.#
###...##...... #..##.## #..#
#...##...... #..##.# #..#
#...##......
#####..##<#####..#####...##...(.<
.........................###.....
#####.....######.#####...##......
#...### #.# #...##...... ##..#
#.# #...##......


You could see an orc priest and 2 orcs.

Vanquished Creatures
  An ice beast (D:3)
  Crazy Yiuf (D:2)
  A bullfrog skeleton (D:2)
  3 adders
  An ooze (D:2)
  3 dart slugs
  2 leopard geckos
  3 giant cockroaches
  7 goblins
  5 hobgoblins
  2 jackals (D:1)
  7 kobolds
  A quokka (D:3)
  7 bats
  12 frilled lizards
  4 rats
60 creatures vanquished.

Vanquished Creatures (others)
  6 plants (D:2)
6 creatures vanquished.

Grand Total: 66 creatures vanquished

Notes
Turn   | Place    | Note
-------+----------+-------------------------------------------
     0 | D:1      | knot the Demonspawn Berserker began the quest for the Orb.
     0 | D:1      | Reached XP level 1. HP: 18/18 MP: 1/1
    44 | D:1      | Reached skill level 3 in Axes
   457 | D:1      | Gained mutation: Your movements are slightly less
                  | encumbered by armour. (ER -2) [demonic ancestry]
   457 | D:1      | Reached XP level 2. HP: 12/24 MP: 2/2
  1566 | D:1      | Reached XP level 3. HP: 28/29 MP: 3/3
  1795 | D:2      | Reached skill level 4 in Axes
  1881 | D:2      | Reached XP level 4. HP: 35/35 MP: 4/4
  2227 | D:2      | Found a runed translucent door.
  2228 | D:2      | Noticed Crazy Yiuf
  2238 | D:2      | Killed Crazy Yiuf
  2239 | D:2      | Reached skill level 5 in Axes
  2455 | D:2      | Reached ** piety under Trog
  2867 | D:3      | Noticed an ice beast
  2887 | D:3      | Killed an ice beast
  2888 | D:3      | Reached XP level 5. HP: 39/41 MP: 5/5
  3184 | D:3      | Found a sacrificial altar of Ru.
  3201 | D:3      | Found a glowing silver altar of Zin.
  3223 | D:3      | Reached skill level 6 in Axes
  3339 | D:3      | Found a hide-covered altar of Uskayaw.
  3340 | D:3      | Found an opulent altar of Gozag.
  3399 | D:3      | HP: 2/41 [orc priest/divine providence (16)]
  3408 | D:3      | Killed from afar by an orc priest

Illustrated notes

Levels and vault maps discovered:
D:1:      scummos_arrival_hexagon, layout_basic
D:2:      layout_loops_ring, minmay_lizard_king, uniq_crazy_yiuf_cottage
D:3:      cheibrodos_pilgrimage, layout_rooms, lemuel_crystal_altar,
          gammafunk_temple_overflow_statue, nicolae_ru_path_of_blood

Skill      XL: |  1  2  3  4  5 |
---------------+----------------+-----
Axes           | 3 4 5 6 |  6.0
Fighting       | |  3.0
Armour         | |  1.7
Dodging        | |  1.7

Action                   |  1- 3 |  4- 6 || total
-------------------------+-------+-------++-------
Melee: Hand axe          |    88 |   113 ||   201
Throw: Dart              |       |     4 ||     4
Invok: Berserk           |     4 |     3 ||     7
  Use: Potion            |       |     6 ||     6
 Stab: Sleeping          |     1 |       ||     1
Armor: Animal skin       |    19 |       ||    19
       Ring mail         |       |    41 ||    41
Dodge: Dodged            |    73 |    70 ||   143

Table legend: (Time is in decaauts)
 A = Elapsed time spent in this place.
 B = Non-inter-level travel time spent in this place.
 C = Inter-level travel time spent in this place.
 D = Time resting spent in this place.
 E = Time spent auto-exploring this place.
 F = Levels seen in this place.
 G = Mean time per level.
                   A        B        C        D        E       F      G
               +--------+--------+--------+--------+--------+-----+--------+
         Total |   3497 |   3442 |     55 |   1084 |   1815 |   3 | 1165.7 |
       Dungeon |   3497 |   3442 |     55 |   1084 |   1815 |   3 | 1165.7 |
               +--------+--------+--------+--------+--------+-----+--------+

Top non-repeatable levels by time:
     D:1: 1646 daAuts
     D:2: 1154 daAuts
     D:3: 697 daAuts
